 Dungeon Crawl Stone Soup version 0.31.0-11-ge490571c62 (webtiles) character file.

Game seed: 12298012515041734976

203741 Destinykillz the Brawler (level 17, 0/172 HPs)
             Began as a Troll Fighter on Feb 3, 2024.
             Was a High Priest of the Shining One.
             Slain by an Executioner (22 damage)
             ... summoned by Asterion
             ... on level 1 of the Vaults.
             The game lasted 01:55:32 (30759 turns).

Destinykillz the Brawler (Troll Fighter)           Turns: 30759, Time: 01:55:33

Health: 0/172      AC:  8    Str: 35    XL:     17   Next: 99%
Magic:  0/23       EV: 15    Int:  6    God:    the Shining One [*****.]
Gold:   2010       SH: 17    Dex: 17    Spells: 11/16 levels left

rFire   + .          .
                       - Unarmed
rCold   + . .        g - +0 tower shield {reflect}
rNeg    + + .        S - +2 robe {rC+}
rPois   .            a - +2 hat "Vuthrykhlo" {Will+ Int+2}
rElec   +            w - -1 cloak of the Forsaken Artisans {rElec Dex+3 SInv}
rCorr   .            (gloves unavailable)
SInv    +            (boots unavailable)
Will    +++..        o - amulet of guardian spirit
Stlth   +            s - ring of protection from fire
HPRegen 1.28/turn    h - ring "Numyall" {Will+ Str+3 Dex+3 Stlth+}
MPRegen 0.18/turn

%: reflection, guardian spirit
@: frozen, hasted, glowing, studying Conjurations, quick
A: large, unfitting armour, claws 3, regeneration 1, shaggy fur 1, tough skin 1
}: 1/15 runes: serpentine
a: Renounce Religion, Divine Shield, Cleansing Flame, Summon Divine Warrior


You were on level 1 of the Vaults.
You worshipped the Shining One.
The Shining One was extremely pleased with you.
You visited 7 branches of the dungeon, and saw 29 of its levels.
You also visited: Ice Cave.

You collected 3782 gold pieces.
You spent 1772 gold pieces at shops.

Inventory:

Hand Weapons
 q - a +5 antimagic morningstar
 t - a +0 giant spiked club of electrocution
 T - a +7 trishula of holy wrath
Missiles
 j - 3 throwing nets
 D - 10 atropa-tipped darts
 P - 21 large rocks (quivered)
Armour
 a - the +2 hat "Vuthrykhlo" (worn) {Will+ Int+2}
   (You acquired it on level 12 of the Dungeon)

   Int+2:     It affects your intelligence (+2).
   Will+:     It increases your willpower.
 c - a +1 kite shield of cold resistance
 g - a +0 tower shield of reflection (worn)
 w - the -1 cloak of the Forsaken Artisans (worn) {rElec Dex+3 SInv}
   (You bought it in a shop on level 2 of the Orcish Mines)

   Dex+3:     It affects your dexterity (+3).
   rElec:     It insulates you from electricity.
   SInv:      It lets you see invisible.
 C - a +2 cloak of willpower
 Q - the +18 shield of the Gong {Loud rN+ Will+ rCorr EV-5}
   (You found it on level 4 of the Lair of Beasts)

   Loud:      It is deafeningly noisy when blocking attacks.
   EV-5:      It affects your evasion (-5).
   rN+:       It protects you from negative energy.
   Will+:     It increases your willpower.
   rCorr:     It protects you from acid and corrosion.
 S - a +2 robe of cold resistance (worn)
Jewellery
 h - the ring "Numyall" (right claw) {Will+ Str+3 Dex+3 Stlth+}
   (You acquired it on level 4 of the Snake Pit)

   [ring of willpower]

   Str+3:     It affects your strength (+3).
   Dex+3:     It affects your dexterity (+3).
   Will+:     It increases your willpower.
   Stlth+:    It makes you more stealthy.
 m - a +4 ring of protection
 o - an amulet of guardian spirit (around neck)
 s - a ring of protection from fire (left claw)
 N - the ring "Vanunuam" {*Slow rN+++ rCorr Dex-5 Slay+3}
   (You found it on level 9 of the Dungeon)

   [ring of resist corrosion]

   Dex-5:     It affects your dexterity (-5).
   Slay+3:    It affects your accuracy & damage with ranged weapons and melee
   (+3).
   rN+++:     It renders you almost immune to negative energy.
   rCorr:     It protects you from acid and corrosion.
   *Slow:     It may slow you when you take damage.
 R - a ring of flight
Wands
 n - a wand of quicksilver (4)
 B - a wand of charming (20)
 E - a wand of flame (49)
 H - a wand of polymorph (28)
 J - a wand of iceblast (25)
 M - a wand of digging (1)
 Z - a wand of mindburst (6)
Scrolls
 e - 2 scrolls of fog
 p - a scroll of brand weapon
 r - 8 scrolls of teleportation
 y - 2 scrolls of identify
 A - 3 scrolls of revelation
 U - 2 scrolls of silence
 W - a scroll of butterflies
 X - a scroll of amnesia
 Y - a scroll of poison
Potions
 b - a potion of brilliance
 f - 5 potions of curing
 k - 3 potions of lignification
 l - 12 potions of ambrosia
 v - 5 potions of cancellation
 x - a potion of haste
 z - 3 potions of enlightenment
 I - 4 potions of resistance
 K - 2 potions of heal wounds
 L - a potion of mutation
Miscellaneous
 i - a phial of floods
 V - a phantom mirror


   Skills:
 + Level 11.7 Fighting
 - Level 14.6 Throwing
 + Level 11.4 Dodging
 * Level 10.7 Shields
 + Level 16.3 Unarmed Combat
 - Level 2.4 Conjurations
 - Level 4.3 Hexes
 - Level 7.0 Translocations
 + Level 10.4 Invocations


You had 11 spell levels left.
You knew the following spells:

 Your Spells              Type           Power      Damage    Failure   Level
a - Blink                 Tloc           16%        N/A       10%         2
b - Confusing Touch       Hex            5%         N/A       52%         3

Your spell library contained the following spells:

 Spells                   Type           Power      Damage    Failure   Level
 Slow                     Hex            20%        N/A       21%         1
 Jinxbite                 Hex            10%        N/A       30%         2
 Magic Dart               Conj           8%         1d3       41%         1
 Sigil of Binding         Hex            5%         N/A       52%         3
 Static Discharge         Conj/Air       2%         3-4/arc   73%         2
 Dimensional Bullseye     Hex/Tloc       3%         N/A       75%         4
 Inner Flame              Hex/Fire       2%         N/A       82%         3
 Call Imp                 Summ           0%         N/A       87%         2
 Cigotuvi's Dreadful Rot  Necr/Alch/Air  0%         N/A       87%         2
 Call Canine Familiar     Summ           0%         N/A       98%         3
 Frozen Ramparts          Ice            0%         1d1       98%         3
 Vampiric Draining        Necr           0%         2d6       98%         3
 Airstrike                Air            0%         2d(0-16)  100%        4
 Ignite Poison            Fire/Alch      0%         N/A       100%        4
 Leda's Liquefaction      Alch/Erth      0%         N/A       100%        4
 Petrify                  Alch/Erth      0%         N/A       100%        4
 Summon Lightning Spire   Summ/Air       0%         N/A       100%        4
 Freezing Cloud           Conj/Ice/Air   0%         6-21      100%        5
 Irradiate                Conj/Alch      0%         3d11      100%        5
 Iskenderun's Battlesphe  Conj           2%         2d6       100%        5
 Metabolic Englaciation   Hex/Ice        1%         N/A       100%        5
 Yara's Violent Unravell  Hex/Alch       1%         3d3       100%        5
 Bombard                  Conj/Erth      0%         9d1       100%        6
 Enfeeble                 Hex            2%         N/A       100%        7
 Spellforged Servitor     Conj/Summ      0%         N/A       100%        7
 Ignition                 Fire           0%         3d3       100%        8


Dungeon Overview and Level Annotations

Branches:
Dungeon (15/15)            Temple (1/1) D:6            Lair (5/5) D:8
 Shoals (1/4) Lair:2        Snake (4/4) Lair:2        Slime (0/5) Lair:4
    Orc (2/2) D:11            Elf (0/3) Orc:2        Vaults (1/5) D:14
 Depths (0/4) D:15          IceCv (visited)

Altars:
Ashenzari
Cheibriados
Dithmenos
Elyvilon
Fedhas
Gozag
Hepliaklqana
Kikubaaqudgha
Makhleb
Nemelex Xobeh
Okawaru
Qazlal
Ru
Sif Muna
Trog
Uskayaw
Vehumet
Wu Jian
Xom
Yredelemnul
Zin
The Shining One

Shops:
D:7 :(   D:8 *(   D:11 *   D:12 !   Orc:2 :*[(   Snake:2 :   Vaults:1 (

Annotations:
Snake:2 3 runed translucent doors, exclusion: obsidian statue, Wineib's ghost, adept GnHW
Snake:4 1 exclusion
Vaults:1 Asterion; Boris


Innate Abilities, Weirdness & Mutations

You are too large for most types of armour.
You have claws for hands.
Your natural rate of healing is unusually fast.
You are covered in fur. (AC +1)
You have tough skin. (AC +1)


Message History

The Executioner hits you but does no damage.
Asterion hits your angel with a +0 spectral demon trident!!
The +0 spectral demon trident hits your angel!
Asterion misses your angel. You block the Executioner's attack.
The Executioner hits you but does no damage.
You block the Executioner's attack.
Your angel hits the +0 spectral demon trident with a +2 whip of holy wrath!
Asterion shares his spectral weapon's damage!
Your angel closely misses the +0 spectral demon trident.
The ironbound frostheart calls freezing cold from the walls.
The frost grips you! You resist.
* * * LOW HITPOINT WARNING * * *
You are encased in ice.
Asterion closely misses your angel.
The +0 spectral demon trident hits your angel but does no damage.
Asterion gores your angel! You block the Executioner's attack.
The Executioner completely misses you.
The Executioner hits you but does no damage.
Asterion blocks your angel's attack.
Your angel's attack snaps Asterion out of his fear.
Your angel hits Asterion with a +2 whip of holy wrath!
You block the Executioner's attack. x2; The Executioner misses you.
The Executioner attacks as it pursues you!
The Executioner hits you.
* * * LOW HITPOINT WARNING * * *
The Executioner hits you but does no damage.
You block the Executioner's attack. x3; The Executioner hits you.
* * * LOW HITPOINT WARNING * * *
The +0 spectral demon trident disappears.
Your angel gestures.
Your angel is healed somewhat.
The Executioner hits you!
* * * LOW HITPOINT WARNING * * *
You block the Executioner's attack. The Executioner hits you.
* * * LOW HITPOINT WARNING * * *
Asterion misses you.
The +0 spectral demon trident barely misses you.
A +0 spectral demon trident comes into view.
The Executioner hits you!!
You die...

############# ############
...#..#)....# #...........
...'..#.....# #...........
...#..#^....# #...........
...#..#.....# #...........
...#..#.....##########........[..
####..####'##...@)...'....)..∩...
(...........#..1.[...#...........
..[.........#(..[....#...........
####p[#######H.[.....############
...#..#....A'........#
...#..#.....#........#
...#(.#.....##########
...#..p.p...# ...#..#.....#


You could see Asterion (fast, ally target), an Executioner (summoned, fast), a
+0 spectral demon trident and a friendly angel (summoned).

Vanquished Creatures
  Vashnia (Snake:3)
  Rupert (D:12)
  Jorgrun (Orc:2)
  A sphinx (Vaults:1)
  Kirke (D:12)
  7 nagarajas
  3 vault wardens (Vaults:1)
  An ironbound preserver (Vaults:1)
  2 orc warlords (Orc:2)
  2 ironbound thunderhulks (Vaults:1)
  The ghost of Geaqoff the Carver, a journeyman VSCj of the Shining One (Snake:1)
  Nessos (Lair:3)
  An ettin (D:15)
  Josephine (D:13)
  A merfolk impaler (Lair:2)
  An entropy weaver (shapeshifter) (D:14)
  6 vault guards
  7 hydras
  Erolcha (D:10)
  A rakshasa (D:13)
  4 salamander tyrants
  A centaur warrior (D:13)
  2 catoblepae
  4 boulder beetles
  7 anacondas
  10 death yaks
  An ironbound frostheart (Vaults:1)
  2 tengu warriors
  4 two-headed ogres
  12 naga warriors
  Urug (Lair:1)
  3 orc high priests (Orc:2)
  10 naga sharpshooters
  11 shock serpents
  Nergalle (D:10)
  2 skysharks (Lair:5)
  3 sea snakes (Lair:2)
  3 salamander mystics
  10 mana vipers
  4 deep trolls
  5 naga ritualists
  Lodul (D:12)
  2 bog bodies (IceCv)
  5 lindwurms
  5 arcanists
  5 harpies
  8 orc knights
  3 ironbound convokers (Vaults:1)
  A deep elf pyromancer (D:14)
  4 orc sorcerers (Orc:2)
  5 ugly things (D:13)
  A wolf spider (Lair:5)
  2 manticores
  6 cyclopes
  Maurice (D:7)
  2 water nymphs (Lair:2)
  19 salamanders
  4 guardian serpents
  Joseph (D:7)
  5 vault sentinels (Vaults:1)
  6 meliai
  13 elephants
  12 naga magi
  35 black mambas
  A kobold blastminer (Orc:1)
  2 gargoyles
  17 cane toads
  An ice statue (IceCv)
  Jeremiah (D:7)
  A torpor snail (Lair:2)
  3 freezing wraiths
  7 komodo dragons
  A tengu conjurer (D:15)
  4 yaktaurs (Vaults:1)
  An anaconda simulacrum (IceCv)
  6 rime drakes
  2 ice devils (D:12)
  Psyche (D:10)
  2 polar bears
  10 trolls
  5 hornets
  A wind drake (Lair:2)
  A troll (shapeshifter) (D:15)
  A queen bee (Lair:4)
  Grinder (D:3)
  13 blink frogs
  10 slime creatures
  A centaur simulacrum (D:14)
  15 wyverns
  2 shadows
  2 water elementals (Lair:2)
  38 yaks
  A wyvern (shapeshifter) (D:15)
  A vampire (D:10)
  6 wraiths
  2 death yak simulacra (IceCv)
  17 humans (D:14)
  4 wargs
  4 vampire mosquitoes (D:14)
  5 basilisks
  3 redbacks (Lair:5)
  48 nagas
  Duvessa (D:7)
  2 acid dragons
  19 water moccasins
  2 hydra simulacra (IceCv)
  9 ice beasts
  33 orc warriors
  2 black bears
  A sky beast (D:7)
  17 ogres
  11 wolves
  4 boggarts
  6 centaurs
  2 phantoms
  2 kobold brigands
  4 gnoll sergeants
  12 bullfrogs
  2 cane toad simulacra (IceCv)
  2 scorpions (D:6)
  8 two-headed ogre simulacra (IceCv)
  Dowan (D:7)
  20 killer bees (Lair:4)
  A troll zombie (D:11)
  10 howler monkeys
  3 jellies (Lair:4)
  3 bombardier beetles (D:5)
  22 orc priests
  5 hounds
  A gnoll bouda (D:5)
  Jessica (D:2)
  3 iguanas (D:5)
  28 orc wizards
  A polar bear simulacrum (IceCv)
  7 hell rats (Lair:3)
  2 troll simulacra (IceCv)
  4 spriggan simulacra (IceCv)
  2 wolf simulacra (IceCv)
  7 ogre zombies (D:11)
  5 adders
  23 gnolls
  5 naga simulacra (IceCv)
  A shadow imp (D:7)
  7 white imps
  12 ufetubi
  A dart slug (D:1)
  83 orcs
  5 bats
  11 endoplasms
  4 giant cockroaches
  8 goblins
  6 hobgoblins
  5 jackals
  6 quokkas
  6 ball pythons
  6 frilled lizards
  5 gnoll skeletons (D:11)
  3 gnoll zombies (D:11)
  19 kobolds
  3 orc skeletons (D:11)
  13 orc zombies (D:11)
  7 rats
1032 creatures vanquished.

Vanquished Creatures (collateral kills)
  The ghost of Yamstis the Nimble, an adept GnMo of Makhleb (D:15)
  Louise (Snake:3)
  An orc high priest (Orc:2)
  A salamander (Snake:3)
  2 kobold blastminers (Orc:2)
  3 orc warriors (Orc:2)
  An ogre (Orc:2)
  2 orc wizards (Orc:2)
  4 orcs (Orc:2)
16 creatures vanquished.

Vanquished Creatures (others)
  An arcanist (D:14)
  A salamander (Snake:3)
  A tengu conjurer (D:15)
  A basilisk (D:12)
  3 humans (D:12)
  2 nagas (Snake:4)
  A gnoll (D:12)
  A white imp (IceCv)
11 creatures vanquished.

Grand Total: 1059 creatures vanquished

Notes
Turn   | Place    | Note
-------+----------+-------------------------------------------
     0 | D:1      | Destinykillz the Troll Fighter began the quest for the Orb.
     0 | D:1      | Reached XP level 1. HP: 22/22 MP: 0/0
   134 | D:1      | Reached XP level 2. HP: 28/29 MP: 1/1
   377 | D:1      | Reached XP level 3. HP: 36/36 MP: 2/2
   747 | D:2      | Noticed Jessica
   752 | D:2      | Killed Jessica
   753 | D:2      | Reached skill level 3 in Unarmed Combat
   753 | D:2      | Reached XP level 4. HP: 42/44 MP: 3/3
  1651 | D:3      | Noticed Grinder
  1653 | D:3      | Reached XP level 5. HP: 53/53 MP: 4/4
  1671 | D:3      | Killed Grinder
  1672 | D:3      | Reached skill level 4 in Unarmed Combat
  1672 | D:3      | Reached XP level 6. HP: 48/61 MP: 5/5
  2594 | D:5      | Entered Level 5 of the Dungeon
  2654 | D:5      | Reached XP level 7. HP: 60/67 MP: 6/6
  2682 | D:5      | Reached skill level 5 in Shields
  2697 | D:5      | Reached skill level 5 in Unarmed Combat
  2797 | D:5      | Reached XP level 8. HP: 51/78 MP: 7/7
  2983 | D:5      | Reached skill level 6 in Unarmed Combat
  3126 | D:5      | Identified the +7 dagger "Ydeug" {elec, rF+ rC+ Int+4}
  3441 | D:5      | Found a white marble altar of Elyvilon.
  3763 | D:6      | Reached skill level 7 in Unarmed Combat
  3859 | D:5      | Reached XP level 9. HP: 48/85 MP: 8/8
  4081 | D:6      | Found a staircase to the Ecumenical Temple.
  4091 | Temple   | Entered the Ecumenical Temple
  4122 | Temple   | Became a worshipper of the Shining One
  4257 | D:7      | Found a basalt altar of Yredelemnul.
  4272 | D:7      | Found Jarof's Weapon Shop.
  4278 | D:7      | Noticed Jeremiah
  4299 | D:7      | Killed Jeremiah
  4461 | D:7      | Noticed Duvessa
  4461 | D:7      | Noticed Joseph
  4462 | D:7      | Noticed Dowan
  4482 | D:7      | Killed Joseph
  4483 | D:7      | Reached skill level 5 in Fighting
  4483 | D:7      | Reached skill level 1 in Throwing
  4483 | D:7      | Reached skill level 5 in Dodging
  4483 | D:7      | Reached skill level 8 in Unarmed Combat
  4504 | D:7      | Killed Duvessa
  4508 | D:7      | Killed Dowan
  4635 | D:7      | Paralysed by a hornet for 2 turns
  4640 | D:7      | Paralysed by a hornet for 2 turns
  4699 | D:7      | Found a broken altar of Ashenzari.
  4716 | D:7      | Found a shimmering blue altar of Sif Muna.
  4717 | D:7      | Found Nary's Book Emporium.
  4736 | D:7      | Noticed Maurice
  4743 | D:7      | Killed Maurice
  4817 | D:7      | Reached XP level 10. HP: 95/96 MP: 9/9
  4924 | D:8      | Found Roulomal's Firing Range.
  4929 | D:8      | Bought 2 poisoned darts for 12 gold pieces
  5019 | D:8      | Found a staircase to the Lair.
  5034 | D:8      | Reached * piety under the Shining One
  5044 | D:8      | Reached skill level 9 in Unarmed Combat
  5249 | D:8      | Paralysed by a hornet for 1 turns
  5343 | D:8      | Found Enty's General Store.
  5351 | D:8      | Bought a scroll of teleportation for 33 gold pieces
  5508 | D:9      | Found a bloodstained altar of Trog.
  5541 | D:9      | Identified the +4 leather armour "Dick" {Harm *Corrode
                  | rPois Dex+8}
  5870 | D:9      | Identified the ring "Vanunuam" {*Slow rN+++ rCorr Dex-5
                  | Slay+3}
  5994 | D:10     | Entered Level 10 of the Dungeon
  6199 | D:10     | Reached XP level 11. HP: 38/105 MP: 10/10
  6300 | D:10     | Reached skill level 10 in Unarmed Combat
  6550 | D:10     | Noticed Psyche
  6565 | D:10     | Killed Psyche
  6683 | D:10     | Noticed Nergalle
  6689 | D:10     | Noticed Erolcha
  6697 | D:10     | Killed Nergalle
  6700 | D:10     | Killed Erolcha
  7152 | D:11     | Reached ** piety under the Shining One
  7155 | D:11     | Found a staircase to the Orcish Mines.
  7159 | D:11     | Reached *** piety under the Shining One
  7251 | D:11     | Reached **** piety under the Shining One
  7256 | D:11     | Reached skill level 10 in Shields
  7376 | D:11     | Found Aote's Alliterative Armaments.
  7733 | D:11     | Reached skill level 5 in Throwing
  7866 | D:12     | Identified a scroll of acquirement
  7866 | D:12     | Acquired the +2 hat "Vuthrykhlo" {Will+ Int+2}
  7874 | D:12     | Found a frozen archway.
  7924 | IceCv    | Entered an ice cave
  7997 | IceCv    | Reached skill level 11 in Unarmed Combat
  8044 | IceCv    | Reached ***** piety under the Shining One
  8686 | IceCv    | Noticed a bog body
  8686 | IceCv    | Noticed a bog body
  8691 | IceCv    | Killed a bog body
  8692 | IceCv    | Reached XP level 12. HP: 116/118 MP: 9/11
  8949 | D:12     | Noticed Kirke
  8962 | D:12     | Noticed a sphinx
  8966 | D:12     | Killed Kirke
  9097 | D:12     | Noticed Rupert
  9098 | D:12     | Paralysed by Rupert for 3 turns
  9120 | D:12     | Killed Rupert
  9121 | D:12     | Reached skill level 12 in Unarmed Combat
  9121 | D:12     | Reached skill level 1 in Invocations
  9208 | D:12     | Noticed Lodul
  9229 | D:12     | Killed Lodul
  9286 | D:12     | Noticed a two-headed ogre
  9292 | D:12     | Killed a two-headed ogre
  9298 | D:12     | Found Hicka's Distillery.
  9303 | D:12     | Bought a potion of resistance for 120 gold pieces
  9303 | D:12     | Bought a potion of heal wounds for 60 gold pieces
  9303 | D:12     | Bought a potion of curing for 36 gold pieces
  9303 | D:12     | Bought a potion of haste for 120 gold pieces
  9303 | D:12     | Bought 2 potions of curing for 72 gold pieces
  9687 | D:12     | Noticed a two-headed ogre
  9692 | D:12     | Killed a two-headed ogre
  9693 | D:12     | Reached skill level 1 in Conjurations
  9771 | D:12     | Noticed a catoblepas
  9780 | D:12     | Killed a catoblepas
  9812 | D:12     | Reached ****** piety under the Shining One
  9868 | D:12     | Learned a level 2 spell: Blink
 10067 | D:13     | Noticed Josephine
 10077 | D:13     | Killed Josephine
 10077 | D:13     | Noticed a tengu warrior
 10080 | D:13     | Reached skill level 1 in Translocations
 10086 | D:13     | Killed a tengu warrior
 10087 | D:13     | Reached XP level 13. HP: 117/127 MP: 12/14
 10992 | D:13     | Found a glowing golden altar of the Shining One.
 11433 | D:14     | You fall into a shaft and drop 1 floor!
 11433 | D:15     | Entered Level 15 of the Dungeon
 11533 | D:13     | Reached skill level 5 in Invocations
 12132 | D:8      | Bought a manual of Throwing for 800 gold pieces
 12371 | D:14     | Reached skill level 13 in Unarmed Combat
 12479 | D:14     | Found a gate to the Vaults.
 12946 | D:15     | Reached XP level 14. HP: 91/137 MP: 10/17
 13062 | D:15     | Found a runed translucent door.
 13062 | D:15     | Noticed Yamstis's ghost (adept GnMo)
 13452 | D:15     | Found a staircase to the Depths.
 13627 | D:15     | Killed Yamstis's ghost
 13820 | Lair:1   | Entered Level 1 of the Lair of Beasts
 14035 | Lair:1   | Noticed Urug
 14208 | Lair:1   | Killed Urug
 14209 | Lair:1   | Reached skill level 5 in Translocations
 14699 | Lair:2   | Found a staircase to the Snake Pit.
 14983 | Lair:2   | Found a staircase to the Shoals.
 16098 | Lair:3   | Noticed Nessos
 16114 | Lair:3   | Killed Nessos
 16291 | Lair:3   | Reached skill level 10 in Throwing
 17130 | Lair:4   | Found the +18 shield of the Gong {Loud rN+ Will+ rCorr
                  | EV-5}
 17268 | Lair:4   | Found a staircase to the Slime Pits.
 17324 | Lair:4   | Reached XP level 15. HP: 129/148 MP: 16/19
 18099 | Lair:5   | Entered Level 5 of the Lair of Beasts
 18170 | Lair:5   | Reached skill level 14 in Unarmed Combat
 18391 | Lair:5   | Reached skill level 10 in Fighting
 19451 | Orc:1    | Entered Level 1 of the Orcish Mines
 19742 | Orc:2    | Entered Level 2 of the Orcish Mines
 19761 | Orc:2    | Found a staircase to the Elven Halls.
 19788 | Orc:2    | Noticed Jorgrun
 19821 | Orc:2    | Killed Jorgrun
 19822 | Orc:2    | Reached skill level 10 in Dodging
 20239 | Orc:2    | Reached XP level 16. HP: 117/159 MP: 14/21
 20395 | Orc:2    | Found Kobragi's General Store.
 20396 | Orc:2    | Found Katzunt's Book Shoppe.
 20398 | Orc:2    | Found Opped's Antique Armour Emporium.
 20398 | Orc:2    | Found Usefanakh's Antique Weapon Emporium.
 20415 | Orc:2    | Bought the -1 cloak of the Forsaken Artisans {rElec Dex+3
                  | SInv} for 264 gold pieces
 20901 | Orc:2    | Bought a runed cloak for 255 gold pieces
 20926 | Orc:2    | Identified a +7 trishula of holy wrath (a +5 demon trident
                  | of draining blessed by the Shining One)
 20926 | Orc:2    | Received a gift from the Shining One
 21069 | D:14     | Learned a level 3 spell: Confusing Touch
 21245 | Snake:1  | Entered Level 1 of the Snake Pit
 21842 | Snake:1  | Found a runed translucent door.
 21843 | Snake:1  | Noticed Geaqoff's ghost (journeyman VSCj)
 22157 | Snake:1  | Reached skill level 15 in Unarmed Combat
 22371 | Snake:1  | Killed Geaqoff's ghost
 22567 | Snake:2  | Reached skill level 1 in Hexes
 22873 | Snake:2  | Found a runed translucent gate.
 22873 | Snake:2  | Found a runed translucent gate.
 22874 | Snake:2  | Noticed Wineib's ghost (adept GnHW)
 22875 | Snake:2  | Found a runed translucent gate.
 22875 | Snake:2  | Found an opulent altar of Gozag.
 23477 | Snake:2  | Found Ziprum's Book Shop.
 24054 | Snake:3  | Acquired 681 gold pieces
 24442 | Snake:3  | Noticed Louise
 24457 | Snake:3  | Killed Louise
 25482 | Snake:4  | Entered Level 4 of the Snake Pit
 25483 | Snake:4  | Acquired the ring "Numyall" {Will+ Str+3 Dex+3 Stlth+}
 25648 | Snake:4  | Reached XP level 17. HP: 31/170 MP: 2/23
 26032 | Snake:4  | Noticed Vashnia
 26053 | Snake:3  | Killed Vashnia
 26326 | Snake:4  | Reached skill level 16 in Unarmed Combat
 27394 | Snake:4  | Reached skill level 10 in Invocations
 29014 | Snake:4  | Got a serpentine rune of Zot
 29174 | Shoals:1 | Entered Level 1 of the Shoals
 29824 | Vaults:1 | Entered Level 1 of the Vaults
 29902 | Vaults:1 | Noticed a sphinx
 29917 | Vaults:1 | Killed a sphinx
 30070 | Vaults:1 | Noticed Boris
 30072 | Vaults:1 | Found Dohe Bie's Antique Weapon Boutique.
 30562 | Vaults:1 | Noticed Asterion
 30759 | Vaults:1 | Slain by an Executioner

Illustrated notes

Levels and vault maps discovered:
D:1:      mrwooster_arrival_statue_2, layout_loops_ring,
          hangedman_decor_opposing, dreamdust_wishing_well,
          minmay_misc_feat_pillars
D:2:      minmay_door_path, layout_basic, uniq_jessica
D:3:      layout_rooms, grunt_ministairs_1, uniq_grinder
D:4:      layout_rooms
D:5:      kb_forest_paths, layout_basic, mainiacjoe_overflow_alcove_1,
          saegor_snake_ambush
D:6:      layout_cave_pools, minmay_temple_entry_glass,
          kennysheep_decorative_pillar
D:7:      layout_rooms, nicolae_sif_muna_condensation, marbit_many_paths,
          yredelemnul_altar_generic, serial_shops, shop, shop,
          minmay_misc_feat_rugged, uniq_duvessa, uniq_joseph, uniq_jeremiah,
          uniq_maurice
D:8:      layout_rooms, hellmonk_lair_entry_icy, serial_shops, shop,
          nicolae_shop_firing_range
D:9:      layout_cross, nicolae_overflow_crystal_walls
D:10:     layout_loops_corners, uniq_erolcha, uniq_psyche, uniq_nergalle
D:11:     layout_basic, zombieorc2_lemuel, monkooky_shop_alliterative
D:12:     layout_basic, portal_ice_cave_demonic_guard, serial_shops,
          nicolae_shop_back_alley_shop, argonaut_gorgonesque, uniq_lodul,
          uniq_kirke, uniq_rupert
D:13:     layout_cave_pools, tso_oasis_becter, uniq_josephine
D:14:     layout_cave_pools, grunt_vaults_entry_tiered, minmay_splitting_lines,
          dreamdust_mushroom_princess, grunt_decor_junction
D:15:     hangedman_depths_entry_civil_slaughter, layout_basic,
          hellmonk_ghost_happy_afterlife, hex_intersection
Temple:   minmay_crystal_spiral_temple
Lair:1:   layout_cave_shapes, serial_bayou_shore_b, uniq_urug
Lair:2:   layout_cave_pods, nicolae_shoals_entry_flooding, dummy_snake_entry,
          hellmonk_talismancer, lemuel_fruit_fields, grunt_megastairs_3
Lair:3:   layout_roguey, lemuel_fruit_tree, uniq_nessos
Lair:4:   layout_cave_pods, slime_entry_2, special_room [special_room_bee],
          lemuel_fruit_fields
Lair:5:   hangedman_lair_tendril_chambers, layout_gridlike
Shoals:1: layout_shoals
Snake:1:  layout_onion, gammafunk_ghost_grave
Snake:2:  layout_onion_interference, serial_shops, nicolae_shop_crystal,
          ebering_ghost_gozag, drop_trap,
          nicolae_snake_yet_another_twisty_hallway
Snake:3:  layout_basic, uniq_louise
Snake:4:  minmay_snake_end_coiled, layout_gridlike, drop_trap, uniq_vashnia
Orc:1:    layout_caves, basic_altar
Orc:2:    st_orc_congregation, layout_diamond_mine, uniq_jorgrun
Vaults:1: vaults_dpeg_diagonal, nicolae_vaults_network_barrier,
          nicolae_vaults_heart-shaped_vault, grunt_vaults_swirl,
          nicolae_vaults_tetromino_T_2, nicolae_vaults_more_shelving_2,
          v_rooms_5, ontoclasm_vaults_shuriken,
          serial_library_hellmonk_semicircle, v_misc_25, vaults_room_hallway,
          nicolae_vaults_diamond_2, nicolae_vaults_border_crossing,
          layout_vaults_omnibox, serial_shops, shop, uniq_boris, uniq_asterion

Skill      XL: |  1  2  3  4  5  6  7  8  9 10 11 12 13 14 15 16 17 |
---------------+----------------------------------------------------+-----
Shields        | 3 4 5 6 8 9 10 | 10.7
Unarmed Combat | 3 4 5 7 8 9 11 12 13 14 15 16 | 16.3
Fighting       | 3 4 5 6 7 8 9 10 11 | 11.7
Dodging        | 3 4 5 6 7 8 9 10 11 | 11.4
Throwing       | 2 3 5 6 8 10 12 14 | 14.6
Invocations    | 3 6 7 8 9 10 | 10.4
Conjurations   | 2 |  2.4
Translocations | 1 4 6 7 |  7.0
Hexes          | 3 4 |  4.3

Action                     |  1- 3 |  4- 6 |  7- 9 | 10-12 | 13-15 | 16-18 || total
---------------------------+-------+-------+-------+-------+-------+-------++-------
  Melee: Unarmed           |    90 |   178 |   245 |   643 |  1170 |   995 ||  3321
         Morningstar       |       |       |       |       |   139 |       ||   139
   Fire: Sling             |       |    29 |       |       |       |       ||    29
  Throw: Dart              |       |       |     4 |     1 |       |       ||     5
         Large rock        |       |       |       |    12 |    63 |    10 ||    85
 Invoke: Divine Shield     |       |       |       |     9 |    20 |    13 ||    42
         Summon Divine War |       |       |       |       |     2 |     2 ||     4
         Cleansing Flame   |       |       |       |       |     1 |     5 ||     6
         Brand Weapon With |       |       |       |       |       |     1 ||     1
  Evoke: Wand              |       |       |       |       |     8 |     6 ||    14
    Use: Scroll            |       |       |     6 |    12 |    13 |    11 ||    42
         Potion            |       |       |     7 |     4 |    10 |     9 ||    30
   Stab: Sleeping          |       |       |     1 |       |       |       ||     1
 Armour: Robe              |    41 |    96 |   198 |   297 |   774 |   407 ||  1813
         Troll leather arm |       |       |       |     4 |       |       ||     4
         Skin              |       |       |       |     2 |       |       ||     2
  Dodge: Dodged            |    26 |    72 |    87 |   190 |   358 |   176 ||   909
  Block: Kite shield       |    26 |    77 |   116 |   297 |  1466 |   903 ||  2885
         Reflection        |       |       |       |     1 |    18 |    30 ||    49
         Tower shield      |       |       |       |       |       |   278 ||   278
